 Dungeon Crawl Stone Soup version 0.32-a0-377-g951292165a (webtiles) character file.

Game seed: 9617801552401983893

67 Anathary the Sneak (level 4, -5/30 HPs)
             Began as an Octopode Brigand on Feb 19, 2024.
             Slain by a gnoll
             ... wielding a +0 club
              (7 damage)
             ... on level 2 of the Dungeon.
             The game lasted 00:05:43 (1685 turns).

Anathary the Sneak (Octopode Brigand)               Turns: 1685, Time: 00:05:44

Health: -5/30      AC:  1    Str: 10    XL:     4   Next: 16%
Magic:  4/4        EV: 13    Int: 13    God:
Gold:   142        SH:  0    Dex: 15    Spells: 3/3 levels left

rFire   . . .        a - +2 dagger
rCold   . . .        (no shield)
rNeg    + . .        (helmet restricted)
rPois   .            (no amulet)
rElec   .            f - ring of positive energy
rCorr   .            (no ring)
SInv    .            (no ring)
Will    .....        (no ring)
Stlth   ++++         (no ring)
HPRegen 0.25/turn    (no ring)
MPRegen 0.09/turn    (no ring)
                     (no ring)

%: no passive effects
@: no status effects
A: almost no armour, amphibious, 8 rings, camouflage 1, gelatinous body 1,
(nimble swimmer 1), tentacles
a: no special abilities


You were on level 2 of the Dungeon.
You visited 1 branch of the dungeon, and saw 2 of its levels.

You collected 142 gold pieces.

Inventory:

Hand Weapons
 a - a +2 dagger (weapon)
Missiles
 b - 14 poisoned darts (quivered)
 c - 3 curare-tipped darts
Jewellery
 f - a ring of positive energy (left tentacle)
Scrolls
 d - a scroll of teleportation {unknown}
 h - a scroll of silence {unknown}
 i - a scroll of amnesia {unknown}
 j - a scroll of enchant weapon {unknown}
Potions
 e - a potion of might {unknown}
 g - a potion of lignification {unknown}
 k - a potion of degeneration {unknown}
 l - a potion of curing {unknown}


   Skills:
 + Level 2.4 Fighting
 + Level 2.3 Short Blades
 - Level 2.0 Throwing
 + Level 1.3 Dodging
 + Level 7.0 Stealth


You had 3 spell levels left.
You didn't know any spells.
Your spell library contained the following spells:

 Spells                   Type           Power      Damage    Failure   Level
 Magic Dart               Conj           0%         1d3       30%         1
 Blink                    Tloc           0%         N/A       43%         2
 Call Imp                 Summ           0%         N/A       43%         2


Dungeon Overview and Level Annotations

Branches:
Dungeon (2/15)

Altars:


Innate Abilities, Weirdness & Mutations

You cannot wear most types of armour.
You are amphibious.
You can wear up to eight rings at the same time.
Your skin changes colour to match your surroundings (Stealth+).
Your rubbery body absorbs attacks. (AC +1, EV +1)
((You are camouflaged when in or above water. (Stealth+)))
You have tentacles for arms and can constrict up to eight enemies at once.


Message History

You kill the gnoll!
A gnoll comes into view. It is wielding a +0 club.
The gnoll shouts!
You hear a shout!
The gnoll barely misses you.
Things that are here:
a +0 spear; a gnoll corpse You closely miss the gnoll.
You grab the gnoll.
You constrict the gnoll, but do no damage.
The gnoll misses you. The gnoll barely misses you.
You hit the gnoll. You squeeze the gnoll.
The gnoll is moderately wounded.
You constrict the gnoll. You hit the gnoll.
The gnoll is heavily wounded.
You constrict the gnoll. The gnoll closely misses you.
The gnoll hits you with a +0 halberd!
Ouch! That really hurt!
You hit the gnoll.
The gnoll is severely wounded.
You constrict the gnoll, but do no damage.
The gnoll hits you with a +0 club. The gnoll hits you with a +0 halberd.
* * * LOW HITPOINT WARNING * * *
A hobgoblin comes into view.
You hit the gnoll. You squeeze the gnoll.
You kill the gnoll!
The gnoll closely misses you.
Your Stealth skill increases to level 7!
You have reached level 4!
You hit the gnoll. You grab the gnoll.
The gnoll is lightly wounded.
You constrict the gnoll. The gnoll hits you with a +0 club.
* * * LOW HITPOINT WARNING * * *
You hit the gnoll.
The gnoll is heavily wounded.
You constrict the gnoll. The gnoll barely misses you.
You hit the gnoll.
The gnoll is almost dead.
You constrict the gnoll, but do no damage.
The gnoll hits you with a +0 club!
You die...

## ###.#
#)g.# #@#
############
#.#
...........#
#.#
##########.#
#.#
.........#.#
#.#
########.#.##
#.#
#...........#
#.#
#.....###...#
#.#.# #.....#
#...# #.#.#


You could see a gnoll.

Vanquished Creatures
  2 gnolls (D:2)
  A dart slug (D:2)
  2 ribbon worms (D:2)
  An endoplasm (D:1)
  4 goblins
  3 hobgoblins
  2 quokkas
  2 bats (D:2)
  2 frilled lizards
  A kobold (D:1)
  5 rats (D:2)
25 creatures vanquished.

Notes
Turn   | Place    | Note
-------+----------+-------------------------------------------
     0 | D:1      | Anathary the Octopode Brigand began the quest for the Orb.
     0 | D:1      | Reached XP level 1. HP: 14/14 MP: 1/1
   270 | D:1      | Reached XP level 2. HP: 12/19 MP: 2/2
   371 | D:1      | Reached skill level 6 in Stealth
  1081 | D:2      | Reached XP level 3. HP: 25/25 MP: 3/3
  1683 | D:2      | Reached skill level 7 in Stealth
  1683 | D:2      | Reached XP level 4. HP: 4/30 MP: 4/4
  1685 | D:2      | Slain by a gnoll

Illustrated notes

Levels and vault maps discovered:
D:1:      dpeg_chamrin_arrival_tetris, layout_loops_ring, serial_forest,
          infiniplex_forest_straight_3, infiniplex_forest_fountain,
          infiniplex_forest_end_2, infiniplex_forest_zigzag_1,
          infiniplex_forest_clump_diagonal, infiniplex_forest_clump_C,
          kennysheep_doodads, dk_noncrumbling_3
D:2:      layout_basic

Skill      XL: |  1  2  3 |
---------------+----------+-----
Stealth        | 6 7 |  7.0
Fighting       | |  2.4
Short Blades   | |  2.3
Throwing       | |  2.0
Dodging        | |  1.3

Action                     |  1- 3 |  4- 6 || total
---------------------------+-------+-------++-------
  Melee: Dagger            |    52 |     3 ||    55
         Constrict         |    10 |     1 ||    11
         Tentacles         |     7 |       ||     7
   Stab: Sleeping          |     9 |       ||     9
 Armour: Skin              |    20 |     2 ||    22
  Dodge: Dodged            |    29 |     1 ||    30

Table legend: (Time is in decaauts)
 A = Elapsed time spent in this place.
 B = Non-inter-level travel time spent in this place.
 C = Inter-level travel time spent in this place.
 D = Time resting spent in this place.
 E = Time spent auto-exploring this place.
 F = Levels seen in this place.
 G = Mean time per level.
                   A        B        C        D        E       F      G
               +--------+--------+--------+--------+--------+-----+--------+
         Total |   1678 |   1649 |     29 |    236 |    919 |   2 |  839.0 |
       Dungeon |   1678 |   1649 |     29 |    236 |    919 |   2 |  839.0 |
               +--------+--------+--------+--------+--------+-----+--------+

Top non-repeatable levels by time:
     D:1: 851 daAuts
     D:2: 827 daAuts
